 Dungeon Crawl Stone Soup version 0.21.1-1-g345015f (webtiles) character file.

21824 grizmgrazm2 the Destroyer (level 12, -5/142 HPs)
             Began as a Demonspawn Fire Elementalist on Mar 21, 2018.
             Was a High Priest of Vehumet.
             Slain by an entropy weaver (10 damage)
             ... on level 3 of the Lair of Beasts.
             The game lasted 01:26:18 (19700 turns).

grizmgrazm2 the Destroyer (DsFE)                   Turns: 19700, Time: 01:26:19

Health: -5/142     AC: 13    Str: 14    XL:     12   Next: 57%
Magic:  17/35      EV: 12    Int: 22    God:    Vehumet [*****.]
Gold:   762        SH:  0    Dex: 13    Spells: 2/31 levels left

rFire    . . .     SeeInvis +   s - +6 dagger (protect)
rCold    . . .     Gourm    +   (no shield)
rNeg     + . .     Faith    .   J - +1 robe {rN+}
rPois    +         Spirit   .   (helmet unavailable)
rElec    .         Reflect  .   (no cloak)
rCorr    .         Harm     .   d - +0 pair of gloves
MR       .....                  z - +0 pair of boots
Stlth    ..........             t - amulet of the gourmand
HPRegen  0.33/turn              i - ring of magical power
MPRegen  0.24/turn              x - ring of poison resistance

@: mighty, berserking, corroded, sanguine armour, protection aura, very quick
A: antennae 3, demonic guardian 1, nightstalker 1, sanguine armour 2
a: Renounce Religion


You were on level 3 of the Lair of Beasts.
You worshipped Vehumet.
Vehumet was extremely pleased with you.
You were full.

You visited 3 branches of the dungeon, and saw 15 of its levels.
You also visited: Ossuary.

You collected 762 gold pieces.

Inventory:

Hand Weapons
 e - a +0 scythe of protection
 h - a +0 club
 l - a +0 dagger
 q - a +0 hunting sling
 s - a +6 dagger of protection (weapon)
Armour
 a - a +0 robe
 d - a +0 pair of gloves (worn)
 z - a +0 pair of boots (worn)
 C - a +1 leather armour of fire resistance
 J - a +1 robe of positive energy (worn)
Jewellery
 i - a ring of magical power (left hand)
 m - a +4 ring of slaying
 t - an amulet of the gourmand (around neck)
 x - a ring of poison resistance (right hand)
 B - an uncursed ring of stealth
 G - an uncursed amulet of magic regeneration
Wands
 n - a wand of polymorph (22)
 r - a wand of random effects (15)
 w - a wand of digging (23)
 y - a wand of disintegration (22)
 I - a wand of enslavement (16)
Scrolls
 j - 6 scrolls of teleportation
 p - 6 scrolls of remove curse
 H - 2 scrolls of fear
Potions
 f - 3 potions of cancellation
 k - 3 potions of brilliance
 u - a potion of flight {unknown}
 v - a potion of berserk rage
 A - a potion of invisibility {unknown}
 E - a potion of agility
Books
 b - a book of Flames

   Spells                             Type                      Level
   a - Flame Tongue                   Conjuration/Fire             1
   b - Throw Flame                    Conjuration/Fire             2
   c - Conjure Flame                  Conjuration/Fire             3
   d - Inner Flame                    Hexes/Fire                   3
   e - Sticky Flame                   Conjuration/Fire             4
   f - Fireball                       Conjuration/Fire             5
 g - a Young Poisoner's Handbook

   Spells                             Type                      Level
   a - Sting                          Conjuration/Poison           1
   b - Poisonous Vapours              Poison/Air                   2
   c - Mephitic Cloud                 Conjuration/Poison/Air       3
   d - Olgreb's Toxic Radiance        Poison                       4
   e - Venom Bolt                     Conjuration/Poison           5
 F - a book of Debilitation

   Spells                             Type                      Level
   a - Corona                         Hexes                        1
   b - Slow                           Hexes                        2
   c - Inner Flame                    Hexes/Fire                   3
   d - Portal Projectile              Hexes/Translocation          3
   e - Cause Fear                     Hexes                        4
   f - Leda's Liquefaction            Hexes/Earth                  4
 P - a book of Beasts

   Spells                             Type                      Level
   a - Summon Butterflies             Summoning                    1
   b - Call Canine Familiar           Summoning                    3
   c - Summon Ice Beast               Ice/Summoning                4
   d - Summon Mana Viper              Hexes/Summoning              5
   e - Summon Hydra                   Summoning                    7
Comestibles
 c - 20 rations


   Skills:
 + Level 9.0 Fighting
 - Level 1.7 Dodging
 - Level 1.7 Stealth
 - Level 10.2 Spellcasting
 + Level 11.1 Conjurations
 + Level 10.6 Fire Magic
 + Level 1.7 Air Magic


You had 2 spell levels left.
You knew the following spells:

 Your Spells              Type           Power        Failure   Level  Hunger
a - Flame Tongue          Conj/Fire      #####        1%          1    None
b - Throw Flame           Conj/Fire      ######       1%          2    None
c - Sticky Flame          Conj/Fire      ######..     1%          4    ##.....
d - Fireball              Conj/Fire      ######....   1%          5    ####...
e - Conjure Flame         Conj/Fire      ######..     1%          3    None
f - Sting                 Conj/Pois      ####         1%          1    None
g - Dazzling Spray        Conj/Hex       #####.       1%          3    None
h - Stone Arrow           Conj/Erth      #####.       1%          3    None
i - Mephitic Cloud        Conj/Pois/Air  ####....     1%          3    None
j - Airstrike             Air            ###.......   8%          4    ##.....


Dungeon Overview and Level Annotations

Branches:
Dungeon (11/15)            Temple (1/1) D:6            Lair (4/6) D:11
  Swamp (0/4) Lair:2       Spider (0/4) Lair:3          Orc (0/2) D:9

Altars:
Ashenzari
Cheibriados
Elyvilon
Fedhas
Kikubaaqudgha
Nemelex Xobeh
Ru
Trog
Vehumet
Zin
The Shining One
Beogh

Annotations:
D:11 Josephine


Innate Abilities, Weirdness & Mutations

You have a pair of large antennae on your head. (SInv)
A weak demonic guardian rushes to your aid.
You are slightly more attuned to the shadows.
When seriously injured, your bleeding wounds create thick armour. (AC +9)


Message History

The entropy weaver burns!
The entropy weaver hits you.
* * * LOW HITPOINT WARNING * * *
The entropy weaver hits you but does no damage.
The entropy weaver completely misses you.
The entropy weaver hits you.
* * * LOW HITPOINT WARNING * * *
A red film seems to cover your vision as you go berserk!
You feel yourself moving faster!
You feel mighty!
The entropy weaver burns!
The entropy weaver misses you. The entropy weaver closely misses you.
The entropy weaver barely misses you. The entropy weaver hits you!
* * * LOW HITPOINT WARNING * * *
Unknown command.
You barely miss the entropy weaver.
The entropy weaver is moderately wounded.
The entropy weaver burns!
The entropy weaver hits you!
* * * LOW HITPOINT WARNING * * *
The entropy weaver hits you!
* * * LOW HITPOINT WARNING * * *
The entropy weaver hits you!
You die...

.........# ##........#
.........# ##........#
.......#.# #.........#
.....^##.####........#
#...^.##..##.......(.#
.....^#..............#
#..>.#....##.........#
##^^.....####....a...#
^##...^^## #....@....#
......^^# ##....5...##
...^.^^### #.........#
....##^#.# ##.........#
.....##..# #.........P#
.......### ##........P#
........# #........##
........### #........##
..........###.........#


You could see an entropy weaver (burning) and a friendly iron imp.

Vanquished Creatures
  2 hydras (Lair:2)
  A two-headed ogre (D:8)
  The ghost of Mirai the Cleaver, a novice MiFi of Okawaru (D:8)
  3 black mambas
  5 spiny frogs
  The ghost of Shinoi the Covered, a novice DsAK of Lugonu (D:6)
  A rime drake (Lair:4)
  5 komodo dragons
  4 blink frogs (Lair:3)
  3 hippogriffs
  Sigmund (D:3)
  17 yaks
  2 redbacks (Lair:3)
  The ghost of Mirai the Covered, an amateur MiFi (D:4)
  A wyvern (Lair:2)
  4 basilisks
  A hungry ghost (D:9)
  10 water moccasins
  5 soldier ants
  Duvessa (D:7)
  11 porcupines
  3 ice beasts (D:5)
  A hell hound (Lair:1)
  3 orc warriors
  3 black bears
  A phantom (D:7)
  2 ogres
  18 wolves
  3 centaurs
  8 crocodiles
  Blork the orc (D:6)
  A big kobold (D:8)
  7 bullfrogs
  4 water moccasin zombies (Ossuary)
  Dowan (D:7)
  A water moccasin skeleton (D:5)
  2 howler monkeys (D:7)
  A crimson imp (D:6)
  A centaur zombie (D:4)
  A bullfrog zombie (D:7)
  7 orc priests
  2 jellies
  13 orc wizards
  3 hounds
  A centaur skeleton (D:5)
  2 iguanas
  11 worker ants
  2 big kobold zombies (Ossuary)
  2 hound skeletons
  A hound zombie (D:7)
  2 mummies (Ossuary)
  A worker ant zombie (D:7)
  10 gnolls
  11 adders
  4 shadow imps
  2 oozes (D:6)
  7 adder zombies
  7 worms
  3 dart slugs
  2 leopard geckos
  23 orcs
  A ball python (D:3)
  8 giant cockroaches
  3 gnoll zombies (Ossuary)
  6 hobgoblins
  4 jackals
  13 kobolds
  A quokka (D:7)
  3 bats
  3 frilled lizards
  A giant cockroach zombie (D:5)
  12 goblins
  A goblin zombie (D:6)
  4 hobgoblin zombies (Ossuary)
  4 kobold zombies (Ossuary)
  A leopard gecko skeleton (D:8)
  8 orc zombies (Ossuary)
  A quokka zombie (D:11)
  4 rats
  A rat zombie (D:6)
  8 fungi
345 creatures vanquished.

Vanquished Creatures (collateral kills)
  A two-headed ogre (D:8)
  A spiny frog (Lair:1)
  A komodo dragon (Lair:3)
  A blink frog (Lair:3)
  A wraith (Lair:1)
  A porcupine (Lair:4)
  A phantom (D:6)
  An ogre (D:5)
  A wolf (Lair:4)
  An orc priest (D:5)
  A shadow imp (D:6)
  An orc (D:6)
  A giant cockroach (D:6)
13 creatures vanquished.

Vanquished Creatures (others)
  A bush (Lair:1)
  11 fungi
  3 plants
15 creatures vanquished.

Grand Total: 373 creatures vanquished

Notes
Turn   | Place    | Note
-------+----------+-------------------------------------------
     0 | D:1      | grizmgrazm2 the Demonspawn Fire Elementalist began the quest for the Orb.
     0 | D:1      | Reached XP level 1. HP: 13/13 MP: 3/3
   354 | D:1      | Gained mutation: You have a pair of small antennae on your head. [demonic ancestry]
   354 | D:1      | Reached XP level 2. HP: 17/19 MP: 2/5
   358 | D:1      | Learned a level 2 spell: Throw Flame
   551 | D:1      | You fall through a shaft!
   911 | D:2      | Gained mutation: When seriously injured, your bleeding wounds create armour. (AC +9) [demonic ancestry]
   911 | D:2      | Reached XP level 3. HP: 24/24 MP: 6/6
  1090 | D:2      | Reached skill level 2 in Conjurations
  2052 | D:3      | Found an ancient bone altar of Kikubaaqudgha.
  2053 | D:3      | Noticed Sigmund
  2091 | D:2      | Gained mutation: You have a pair of antennae on your head. [demonic ancestry]
  2091 | D:2      | Reached XP level 4. HP: 22/30 MP: 8/8
  2263 | D:2      | Learned a level 4 spell: Sticky Flame
  2561 | D:3      | Killed Sigmund
  2561 | D:3      | Reached skill level 3 in Conjurations
  2561 | D:3      | Reached XP level 5. HP: 22/35 MP: 6/10
  2905 | D:2      | Gained mutation: A weak demonic guardian rushes to your aid. [demonic ancestry]
  2905 | D:2      | Reached XP level 6. HP: 19/41 MP: 11/11
  3376 | D:2      | Learned a level 5 spell: Fireball
  3923 | D:4      | Noticed Mirai's ghost (amateur MiFi)
  3935 | D:5      | Entered Level 5 of the Dungeon
  4053 | D:5      | Noticed an ice beast
  4062 | D:5      | Killed an ice beast
  4062 | D:5      | Reached skill level 4 in Conjurations
  4069 | D:5      | Noticed an ice beast
  4094 | D:5      | Killed an ice beast
  4094 | D:5      | Reached XP level 7. HP: 26/46 MP: 9/13
  4288 | D:5      | Found a blossoming altar of Fedhas.
  4546 | D:5      | Reached skill level 5 in Fire Magic
  4719 | D:5      | Learned a level 3 spell: Conjure Flame
  5861 | D:4      | Reached skill level 5 in Conjurations
  5865 | D:4      | Reached skill level 5 in Spellcasting
  6370 | D:4      | Killed Mirai's ghost
  6464 | D:4      | Found a sacrificial altar of Ru.
  6504 | D:4      | Gained mutation: You are slightly more attuned to the shadows. [demonic ancestry]
  6504 | D:4      | Reached XP level 8. HP: 52/52 MP: 15/15
  7028 | D:6      | Found a staircase to the Ecumenical Temple.
  7038 | Temple   | Entered the Ecumenical Temple
  7053 | Temple   | Became a worshipper of Vehumet
  7075 | D:6      | Found a sand-covered staircase.
  7116 | Ossuary  | Entered an ossuary
  7185 | Ossuary  | Reached skill level 6 in Conjurations
  7360 | Ossuary  | Reached * piety under Vehumet
  7360 | Ossuary  | Offered knowledge of Freeze by Vehumet.
  7784 | D:6      | Noticed Shinoi's ghost (novice DsAK)
  7865 | D:6      | Killed Shinoi's ghost
  8055 | D:6      | Reached XP level 9. HP: 57/57 MP: 18/18
  8317 | D:6      | Reached skill level 1 in Fighting
  8458 | D:6      | Reached skill level 7 in Conjurations
  8519 | D:6      | Offered knowledge of Sting by Vehumet.
  8522 | D:6      | Learned a level 1 spell: Sting
  8561 | D:6      | Reached ** piety under Vehumet
  8698 | D:6      | Found a sparkling altar of Nemelex Xobeh.
  8780 | D:6      | Found a snail-covered altar of Cheibriados.
  8786 | D:6      | Noticed Blork the orc
  8796 | D:6      | Killed Blork the orc
  9529 | D:7      | Noticed Dowan
  9532 | D:7      | Noticed Duvessa
  9532 | D:7      | Killed Dowan
  9542 | D:7      | Killed Duvessa
 10108 | D:7      | Found a shattered altar of Ashenzari.
 10200 | D:7      | Found a snail-covered altar of Cheibriados.
 10203 | D:7      | Offered knowledge of Dazzling Spray by Vehumet.
 10208 | D:7      | Found a blossoming altar of Fedhas.
 10260 | D:7      | Learned a level 3 spell: Dazzling Spray
 10912 | D:8      | Noticed a two-headed ogre
 10912 | D:8      | Noticed Mirai's ghost (novice MiFi)
 10939 | D:8      | Killed a two-headed ogre
 10939 | D:8      | Reached skill level 8 in Conjurations
 10939 | D:8      | Gained mutation: When seriously injured, your bleeding wounds create thick armour. (AC +9) [demonic ancestry]
 10939 | D:8      | Reached XP level 10. HP: 25/71 MP: 21/21
 11685 | D:8      | Noticed a two-headed ogre
 11693 | D:8      | Killed a two-headed ogre
 11747 | D:8      | Found a glowing golden altar of the Shining One.
 11991 | D:8      | Killed Mirai's ghost
 12313 | D:8      | Reached *** piety under Vehumet
 12831 | D:9      | Reached skill level 5 in Fighting
 12949 | D:9      | Found a staircase to the Orcish Mines.
 12987 | D:9      | Found a roughly hewn altar of Beogh.
 13133 | D:9      | Offered knowledge of Stone Arrow by Vehumet.
 13138 | D:9      | Learned a level 3 spell: Stone Arrow
 13143 | D:9      | You fall through a shaft for 2 floors!
 13148 | D:11     | Learned a level 3 spell: Mephitic Cloud
 13210 | D:11     | Found a staircase to the Lair.
 13214 | D:11     | Noticed Josephine
 13216 | Lair:1   | Entered Level 1 of the Lair of Beasts
 13396 | Lair:1   | Noticed a spiny frog
 13407 | Lair:1   | Killed a spiny frog
 13761 | Lair:1   | Noticed a spiny frog
 13761 | Lair:1   | Reached skill level 9 in Conjurations
 13766 | Lair:1   | Killed a spiny frog
 13770 | Lair:1   | Gained mutation: You have a pair of large antennae on your head. (SInv) [demonic ancestry]
 13770 | Lair:1   | Reached XP level 11. HP: 81/81 MP: 7/23
 14208 | Lair:1   | You fall through a shaft!
 14472 | Lair:2   | Reached **** piety under Vehumet
 14549 | Lair:2   | Offered knowledge of Airstrike by Vehumet.
 14784 | Lair:2   | Found a staircase to the Swamp.
 15467 | Lair:2   | Noticed a five-headed hydra
 15490 | Lair:2   | Killed a five-headed hydra
 15490 | Lair:2   | Reached skill level 10 in Conjurations
 15666 | Lair:2   | Noticed an eight-headed hydra
 15674 | Lair:2   | Killed an eight-headed hydra
 16805 | Lair:3   | Reached skill level 10 in Fire Magic
 16876 | Lair:3   | Reached XP level 12. HP: 92/92 MP: 20/25
 17324 | Lair:3   | Reached skill level 10 in Spellcasting
 17353 | Lair:3   | Found a hole to the Spider Nest.
 18843 | Lair:3   | Learned a level 4 spell: Airstrike
 18872 | Lair:4   | Reached skill level 11 in Conjurations
 19123 | Lair:4   | Reached skill level 1 in Air Magic
 19258 | Lair:4   | Noticed a death yak
 19258 | Lair:4   | Noticed a death yak
 19264 | Lair:4   | Noticed a death yak
 19264 | Lair:4   | Noticed a death yak
 19670 | Lair:4   | Noticed an entropy weaver
 19671 | Lair:4   | Reached ***** piety under Vehumet
 19671 | Lair:4   | Offered knowledge of Lee's Rapid Deconstruction by Vehumet.
 19700 | Lair:3   | HP: 5/142 [entropy weaver (7)]
 19700 | Lair:3   | Slain by an entropy weaver

Skill      XL: |  1  2  3  4  5  6  7  8  9 10 11 12 |
---------------+-------------------------------------+-----
Fire Magic     | 3 4 5 6 7 9 10 | 10.6
Conjurations   | 2 3 4 5 6 8 9 10 11 | 11.1
Spellcasting   | 3 4 5 6 7 8 9 10 | 10.2
Fighting       | 4 6 7 9 |  9.0
Air Magic      | 1 |  1.7
Dodging        | |  1.7
Stealth        | |  1.7

Action                   |  1- 3 |  4- 6 |  7- 9 | 10-12 || total
-------------------------+-------+-------+-------+-------++-------
Melee: Unarmed           |    21 |       |       |       ||    21
       Club              |     8 |       |       |       ||     8
       Scythe            |       |     2 |       |       ||     2
       Dagger            |       |     8 |    50 |    73 ||   131
 Cast: Flame Tongue      |    71 |    62 |   251 |   244 ||   628
       Throw Flame       |     2 |    15 |    22 |    64 ||   103
       Sticky Flame      |       |     8 |    39 |    87 ||   134
       Conjure Flame     |       |       |    40 |    18 ||    58
       Sting             |       |       |    13 |     6 ||    19
       Fireball          |       |       |    11 |    29 ||    40
       Dazzling Spray    |       |       |       |     2 ||     2
       Stone Arrow       |       |       |       |    30 ||    30
Evoke: Wand              |       |       |     1 |     2 ||     3
  Use: Scroll            |     2 |     4 |    18 |    16 ||    40
       Potion            |       |       |     9 |    10 ||    19
 Stab: Sleeping          |       |       |       |     1 ||     1
  Eat: Chunk             |     2 |    15 |    30 |    38 ||    85
       Ration            |     1 |     2 |     1 |       ||     4
Armor: Robe              |     9 |    16 |    17 |    50 ||    92
       Leather armour    |       |       |     9 |     2 ||    11
Dodge: Dodged            |    40 |    34 |    71 |   136 ||   281
